 Dungeon Crawl Stone Soup version 0.20.1-1-g8b1a95d (webtiles) character file.

87 Gargoyl the Skirmisher (level 4, 0/40 HPs)
             Began as a Minotaur Abyssal Knight on Sept 5, 2017.
             Was a Believer of Lugonu.
             Slain by a gnoll
             ... wielding a +0 spear
              (4 damage)
             ... on level 2 of the Dungeon.
             The game lasted 00:02:56 (2483 turns).

Gargoyl the Skirmisher (Minotaur Abyssal Knight)    Turns: 2483, Time: 00:02:57

Health: 0/40       AC:  5    Str: 16    XL:     4   Next: 28%
Magic:  13/13      EV: 13    Int:  9    God:    Lugonu [**....]
Gold:   83         SH:  0    Dex: 11    Spells: 3/3 levels left

rFire    . . .     SeeInvis .   a - +1 hand axe
rCold    . . .     Gourm    .   (no shield)
rNeg     . . .     Faith    .   l - -1 ring mail (curse)
rPois    .         Spirit   .   (helmet restricted)
rElec    .         Reflect  .   (no cloak)
rCorr    .         Harm     .   g - +0 pair of gloves
MR       .....                  (no boots)
Stlth    +.........             (no amulet)
Regen    0.2/turn               d - +2 ring of evasion
MPRegen  0.2/turn               e - ring of magical power

@: no status effects
A: retaliatory headbutt, horns 2
a: Depart the Abyss, Bend Space, Renounce Religion


You were on level 2 of the Dungeon.
You worshipped Lugonu.
Lugonu was pleased with you.
You were not hungry.

You visited 1 branch of the dungeon, and saw 2 of its levels.
You visited the Abyss 1 time.

You collected 83 gold pieces.

Inventory:

Hand Weapons
 a - a +1 hand axe (weapon)
Armour
 b - a +0 leather armour
 g - a +0 pair of gloves (worn)
 h - a +0 ring mail
 l - a cursed -1 ring mail (worn)
Jewellery
 d - a +2 ring of evasion (left hand)
 e - a ring of magical power (right hand)
Potions
 f - a potion of brilliance {unknown}
 j - 2 potions of ambrosia
Comestibles
 c - 2 bread rations
 i - 4 fruits


   Skills:
 + Level 4.1 Fighting
 + Level 3.4 Axes
 * Level 3.5 Armour
 + Level 1.7 Dodging
 * Level 2.5 Invocations


You had 3 spell levels left.
You didn't know any spells.

Dungeon Overview and Level Annotations

Branches:
Dungeon (2/15)

Altars:


Innate Abilities, Weirdness & Mutations

You reflexively headbutt those who attack you in melee.
You have a pair of horns on your head.


Message History

The gnoll is heavily wounded.
The gnoll misses you. The gnoll hits you but does no damage.
You closely miss the gnoll.
The gnoll is heavily wounded.
The gnoll misses you. You furiously retaliate!
You headbutt the gnoll, but do no damage.
The gnoll shouts!
You hit the gnoll.
The gnoll is severely wounded.
You hear a shout!
The gnoll completely misses you.
You barely miss the gnoll.
The gnoll is severely wounded.
The gnoll hits you with a flail!
* * * LOW HITPOINT WARNING * * *
The gnoll hits you but does no damage.
You hit the gnoll but do no damage.
The gnoll is severely wounded.
You hit the gnoll. The gnoll hits you with a spear.
You die...

.........>.................
...........†...............
...........................
...######.#................
#.#.............)..
#..................
###........########
#g........... #@#..........
#g#..######.. ..#.## #.
####.# ..# ### .......(...#
..........#


You could see 2 gnolls.

Vanquished Creatures
  2 adders (D:2)
  2 gnolls
  2 worms (D:2)
  3 leopard geckos
  3 bats
  2 giant cockroaches (D:1)
  6 goblins
  5 hobgoblins
  6 kobolds
  A quokka (D:1)
  A ball python (D:1)
  3 frilled lizards
  5 rats
41 creatures vanquished.

Notes
Turn   | Place    | Note
-------+----------+-------------------------------------------
     0 | Abyss:1  | Gargoyl the Minotaur Abyssal Knight began the quest for the Orb.
     0 | Abyss:1  | Reached XP level 1. HP: 19/19 MP: 1/1
    31 | Abyss:1  | Found a corrupted altar of Lugonu.
   107 | Abyss:1  | Noticed an ancient zyme
   117 | D:1      | Escaped the Abyss
   423 | D:1      | Reached * piety under Lugonu
   626 | D:1      | Reached XP level 2. HP: 16/27 MP: 2/2
  1057 | D:1      | Reached skill level 4 in Fighting
  1494 | D:1      | Reached XP level 3. HP: 25/33 MP: 3/3
  2214 | D:2      | Reached ** piety under Lugonu
  2412 | D:2      | Reached XP level 4. HP: 32/40 MP: 4/4
  2483 | D:2      | Slain by a gnoll

Skill      XL: |  1  2  3 |
---------------+----------+-----
Invocations    | 2 |  2.5
Fighting       | 4 |  4.1
Armour         | 3 |  3.5
Axes           | 3 |  3.4
Dodging        | |  1.7

Action                   |  1- 3 |  4- 6 || total
-------------------------+-------+-------++-------
Melee: Hand axe          |    99 |    10 ||   109
       Headbutt          |    13 |     1 ||    14
Invok: Depart the Abyss  |     1 |       ||     1
  Use: Potion            |     1 |       ||     1
       Scroll            |     3 |       ||     3
  Eat: Chunk             |     5 |       ||     5
Armor: Leather armour    |     8 |       ||     8
       Ring mail         |    15 |     1 ||    16
Dodge: Dodged            |    78 |     8 ||    86
